Map: Taito Citadel LE

Players

DmitryK - Winner!

  • Race: Terran Terran
  • League: Master
  • Spawn Location: 11:00

Haunter

  • Race: Terran Terran
  • League: Diamond
  • Spawn Location: 5:00

VOD

Have the link to the VOD?

Description

Time

  • Played on: Jan. 2, 2026, 8:12 p.m.
  • Length: 13:51
Show
View Real Time Build Order
Export as new Build Order

DmitryK Terran - Winner!

Build Orders: Cyclone Opening, Mech 

Get SALT Encoding   

  12  0:00  SCV  
  13  0:12  SCV  
  14  0:17  Supply Depot  
  14  0:24  SCV  
  14  0:27  Refinery  
  15  0:39  SCV  
  16  0:46  Barracks  
  16  0:52  Refinery  
  16  0:55  SCV  
  17  1:07  SCV  
  18  1:19  SCV  
  19  1:36  Orbital Command  
  19  1:38  Factory  
  19  1:45  Reaper  
  20  2:00  Supply Depot  
  20  2:02  SCV  
  21  2:14  SCV  
  22  2:17  Reaper  
  23  2:27  Factory Tech Lab  
  23  2:28  Command Center  
  23  2:34  SCV  
  24  2:46  SCV  
  24  2:47  Starport  
  25  2:52  Cyclone  
  25  2:58  SCV  
  29  3:04  Barracks Reactor  
  29  3:10  SCV  
  30  3:22  SCV  
  30  3:23  Supply Depot  
  31  3:34  SCV, Siege Tank  
  35  3:46  SCV  
  36  3:55  Viking  
  38  3:58  Refinery  
  38  4:01  SCV  
  38  4:02  Orbital Command  
  39  4:05  Viking  
  41  4:13  SCV  
  42  4:25  SCV  
  42  4:26  Viking  
  42  4:29  SCV  
  46  4:37  SCV  
  47  4:38  Siege Tank  
  47  4:41  SCV  
  51  4:48  Supply Depot  
  51  4:49  SCV  
  51  4:52  Viking  
  54  4:53  SCV  
  54  4:58  Barracks Reactor  
  55  5:01  SCV  
  55  5:05  SCV  
  57  5:12  Siege Tank, Refinery  
  57  5:13  SCV  
  61  5:17  SCV  
  62  5:25  SCV  
  62  5:28  Command Center  
  63  5:29  SCV  
  64  5:37  SCV  
  64  5:40  Liberator  
  64  5:41  SCV  
  69  5:44  Siege Tank  
  73  5:50  SCV  
  73  5:54  SCV  
  74  5:58  Supply Depot  
  74  6:02  SCV, Factory  
  75  6:05  Factory  
  75  6:06  SCV  
  75  6:08  Supply Depot  
  76  6:11  Viking  
  78  6:19  SCV  
  79  6:33  Viking  
  81  6:41  Liberator  
  84  6:48  Factory Tech Lab  
  84  6:49  Factory Reactor  
  81  6:59  Siege Tank  
  84  7:18  SCV x2  
  86  7:33  Viking, Liberator  
  91  7:46  Siege Tank  
  91  7:47  Siege Tank  
  91  7:48  SCV x2  
  99  7:56  Orbital Command  
  99  7:59  Command Center  
  99  8:01  Command Center  
  99  8:02  Engineering Bay  
  99  8:03  Engineering Bay  
  99  8:06  Armory  
  99  8:13  SCV  
  99  8:18  Factory, Siege Tank  
  103  8:23  Command Center  
  103  8:25  Supply Depot  
  103  8:26  Supply Depot  
  101  8:49  Siege Tank, Supply Depot  
  101  8:50  Supply Depot  
  101  8:51  Refinery  
  101  8:52  Refinery  
  98  9:01  SCV x2  
  97  9:11  Factory Tech Lab  
  97  9:13  SCV x2, Siege Tank, Hellbat x2  
  97  9:14  Viking x2  
  107  9:25  Terran Vehicle Weapons Level 1, SCV, Refinery  
  108  9:32  Refinery  
  108  9:42  Planetary Fortress  
  108  9:44  Liberator  
  111  9:47  Hellbat  
  111  9:52  Planetary Fortress  
  113  10:17  Siege Tank x2  
  119  10:24  Siege Tank, Hellbat  
  119  10:25  Hellbat  
  126  10:48  Factory  
  126  10:49  Thor, SCV  
  133  10:51  Planetary Fortress  
  133  10:52  SCV  
  134  10:59  Hellbat x2  
  134  11:00  Missile Turret  
  134  11:01  SCV  
  134  11:02  Missile Turret  
  134  11:03  Missile Turret  
  139  11:20  Thor x2  
  139  11:22  Hellbat x2  
  155  11:28  Missile Turret  
  155  11:32  Thor  
  161  11:35  Missile Turret  
  158  11:50  Widow Mine  
  160  12:03  Thor x2  
  156  12:19  Thor  
  156  12:20  Hellbat  
  156  12:21  Hellbat  
  164  12:39  Factory  
  164  12:42  Hellbat x2  
  168  12:45  Thor  
  168  12:49  Hellbat  
  176  13:03  Hellbat  
  173  13:11  Hellbat  
Show
View Real Time Build Order
Export as new Build Order

Haunter Terran 

Build Orders:  

Get SALT Encoding   

  12  0:00  SCV  
  13  0:12  SCV  
  14  0:17  Supply Depot  
  14  0:24  SCV  
  15  0:38  SCV  
  15  0:40  Barracks  
  16  0:45  Refinery  
  16  0:50  SCV  
  16  0:55  Refinery  
  17  1:02  SCV  
  18  1:14  SCV  
  19  1:29  Reaper  
  19  1:30  Orbital Command  
  20  1:38  Supply Depot  
  20  1:48  Factory  
  20  1:56  SCV  
  21  2:09  Reaper  
  22  2:15  SCV  
  23  2:28  SCV  
  23  2:34  Command Center  
  23  2:36  Hellion  
  25  2:40  SCV  
  25  2:41  Reaper  
  27  2:52  SCV, Starport  
  27  2:57  Hellion  
  30  3:00  Supply Depot  
  30  3:06  SCV  
  31  3:15  Barracks Reactor  
  31  3:21  Factory Tech Lab  
  31  3:22  SCV  
  32  3:28  Starport Tech Lab  
  32  3:34  SCV  
  33  3:44  Siege Tank  
  33  3:46  SCV  
  33  3:48  Orbital Command  
  37  4:00  Interference Matrix, Raven  
  37  4:01  Marine x2  
  41  4:17  Orbital Command  
  39  4:22  Marine x2  
  39  4:24  Siege Tank  
  42  4:41  Viking  
  42  4:42  Marine x2  
  46  4:48  SCV x2, Barracks  
  46  4:50  Barracks  
  48  5:00  Marine x2, SCV x2  
  52  5:11  Refinery  
  52  5:12  SCV x2  
  52  5:13  Refinery  
  54  5:16  Supply Depot  
  54  5:21  Supply Depot  
  54  5:23  Marine, Siege Tank  
  54  5:24  Marine, SCV x2  
  61  5:31  Supply Depot  
  61  5:33  Engineering Bay  
  61  5:36  SCV, Engineering Bay  
  62  5:45  SCV  
  62  5:48  SCV  
  62  5:49  Barracks Tech Lab x2  
  64  5:55  Siege Tank  
  67  6:00  SCV  
  68  6:05  SCV  
  68  6:09  Barracks Reactor  
  68  6:10  Marine x2  
  68  6:11  Combat Shield, Stimpack  
  71  6:12  SCV  
  71  6:17  SCV, Terran Infantry Weapons Level 1  
  73  6:21  Viking  
  73  6:25  SCV  
  63  7:11  SCV x2  
  63  7:13  Marine  
  63  7:14  Marine x3, Command Center  
  67  7:23  SCV x2  
  63  7:31  Marine x3  
  63  7:32  Marine  
  64  7:39  SCV  
  65  7:49  Marine x4  
  66  7:51  Starport  
  66  7:52  Starport  
  66  8:03  SCV x2  
  66  8:04  Cyclone  
  71  8:07  Marine x4  
  75  8:21  SCV  
  75  8:22  SCV  
  75  8:25  Marine x4  
  81  8:31  Terran Infantry Armor Level 1  
  81  8:32  Armory  
  81  8:33  Orbital Command  
  81  8:34  SCV  
  81  8:36  Siege Tank  
  85  8:42  Marine  
  85  8:43  Marine x2  
  85  8:52  Marine  
  85  8:53  Starport Reactor  
  82  9:00  Marine x2  
  82  9:01  Marauder  
  82  9:09  Siege Tank  
  75  9:10  SCV x2  
  77  9:20  Orbital Command  
  77  9:22  SCV x2  
  79  9:25  Marine  
  79  9:26  Marine x3, Starport Reactor  
  83  9:34  SCV  
  84  9:40  Thor, Factory  
  84  9:41  Terran Vehicle Weapons Level 1, Factory  
  84  9:43  Marine  
  84  9:45  Armory  
  91  9:48  Supply Depot  
  91  9:49  Supply Depot x2  
  91  9:58  Concussive Shells  
  91  10:05  SCV x3  
  94  10:08  Refinery  
  94  10:11  Refinery  
  94  10:17  SCV x3  
  94  10:20  Viking x2  
  91  10:29  SCV x3  
  94  10:39  Factory  
  94  10:41  SCV  
  95  10:43  Thor  
  95  10:44  Marine x2, Factory, Marauder  
  95  10:45  Marauder  
  95  10:49  Command Center  
  107  10:51  Terran Vehicle And Ship Armor Level 1  
  107  11:11  Command Center  
  85  11:49  Thor  
  85  11:51  Factory Tech Lab  
  91  11:54  SCV  
  91  11:55  SCV x2  
  94  12:17  Orbital Command  
  94  12:31  Thor  
  83  12:46  Thor  
  89  12:53  Marine x2  
  89  12:54  Marine x2  
  89  12:55  Viking x2  
  95  13:11  Marine  
  93  13:13  Marine, Marauder x2  
  98  13:24  Barracks  
  98  13:26  Barracks  
  98  13:29  Marine  
Tags
 
Composition
Mech
Matchup
ТvТ
Spawn Locations
Cross Positions
Add a new tag
Caveats
  • Supply blocks, unpowered buildings, or Contaminate may cause inaccurate times.
  • Supply counts are checked every 10 seconds.